 Dungeon Crawl Stone Soup version 0.25-a0-294-gea9b1ad (webtiles) character file.

Game seed: 4237514558725381518, levelgen mode: deterministic

109 MrTaco21 the Covered (level 4, -2/29 HPs)
             Began as a Gargoyle Fighter on Dec 17, 2019.
             Slain by a gnoll
             ... wielding a +0 halberd
              (11 damage)
             ... on level 2 of the Dungeon.
             The game lasted 00:03:08 (1910 turns).

MrTaco21 the Covered (Gargoyle Fighter)             Turns: 1910, Time: 00:03:09

Health: -2/29      AC: 10    Str: 20    XL:     4   Next: 89%
Magic:  4/4        EV:  7    Int:  9    God:
Gold:   220        SH:  9    Dex:  9    Spells: 3/3 levels left

rFire    . . .     SeeInvis .   a - +0 flail
rCold    . . .     Gourm    .   c - +0 shield
rNeg     + . .     Faith    .   b - +0 scale mail
rPois    ∞         Spirit   .   (no helmet)
rElec    +         Reflect  .   (no cloak)
rCorr    .         Harm     .   (no gloves)
MR       .....                  (no boots)
Stlth    ..........             (no amulet)
HPRegen  0.09/turn              (no ring)
MPRegen  0.09/turn              (no ring)

@: no status effects
A: negative energy resistance 1, electricity resistance, unbreathing,
petrification resistance, rot immunity, AC +3
a: no special abilities


You were on level 2 of the Dungeon.
You were hungry.

You visited 1 branch of the dungeon, and saw 3 of its levels.

You collected 220 gold pieces.

Inventory:

Hand Weapons
 a - a +0 flail (weapon)
Armour
 b - a +0 scale mail (worn)
 c - a +0 shield (worn)
Scrolls
 g - 4 scrolls of identify {unknown}
 h - a scroll of remove curse {unknown}
 j - a scroll of enchant weapon {unknown}
 l - a scroll of teleportation {unknown}
Potions
 d - a potion of might
 i - a potion of curing {unknown}
 k - a potion of invisibility {unknown}
 m - a potion of berserk rage {unknown}
Comestibles
 e - 7 rations {!d}


   Skills:
 + Level 4.1 Fighting
 + Level 2.9 Maces & Flails
 + Level 4.1 Armour
 + Level 4.1 Shields


You had 3 spell levels left.
You didn't know any spells.
Your spell library was empty.

Dungeon Overview and Level Annotations

Branches:
Dungeon (3/15)

Altars:
Nemelex Xobeh


Innate Abilities, Weirdness & Mutations

You are resistant to torment.
Your stone body is resilient. (AC +3)
You are immune to poison.
You resist negative energy. (rN+)
You are resistant to electric shocks. (rElec)
You can survive without breathing.
You are immune to petrification.
You are immune to rotting.


Message History

Done exploring.
You start resting.
Eating a chunk of flesh.
You eat the chunk of flesh.
You start waiting.
You are feeling hungry.
There is a stone staircase leading down here.
You climb downwards.
The gnoll hits you with a +0 whip. You block the gnoll's attack.
The worm bites you but does no damage.
There is a stone staircase leading up here.
The gnoll hits you with a +0 whip. The gnoll closely misses you.
You climb upwards.
There is a stone staircase leading down here.
You sock the gnoll!
You kill the gnoll!
The worm bites you.
You hit the worm. You block the worm's attack.
You hit the worm. The worm barely misses you.
You sock the worm! The worm barely misses you.
You completely miss the worm. You hit the worm. The worm barely misses you.
You sock the worm!
You kill the worm!
No target in view!
You start resting.
You climb downwards.
There is a stone staircase leading up here.
The gnoll hits you but does no damage.
You climb upwards.
There is a stone staircase leading down here.
You closely miss the gnoll. You block the gnoll's attack.
You hit the gnoll. The gnoll barely misses you.
You thump the gnoll!
You kill the gnoll!
No target in view!
You climb downwards.
The gnoll hits you with a +0 halberd! The gnoll hits you but does no damage.
There is a stone staircase leading up here.
The frilled lizard barely misses you.
You climb upwards.
There is a stone staircase leading down here.
You sock the gnoll! The gnoll hits you with a +0 halberd!
* * * LOW HITPOINT WARNING * * *
The frilled lizard closely misses you. The gnoll closely misses you.
You hit the gnoll but do no damage.
The frilled lizard completely misses you.
The gnoll completely misses you.
You hit the gnoll but do no damage. The frilled lizard bites you.
* * * LOW HITPOINT WARNING * * *
The gnoll hits you with a +0 halberd!
You die...

.............#..........._......#
.............#.##...#.##.....#..#
...............###.##.###....#..#
.......÷............#.###....#..#
......)...#.##.###.##.)...####..#
.##)#######.##.# #..#####((.....#
..#.#######....###..(....(...#..#
..........####..)#...........#.##
................@..........###..#
..#.##.#####....lg.........####.#
..#.##...........................
..#.#######......................
.................................
........###.....###..............
.....#...........##..............
..........##.....................
......###....#####...............


You could see a gnoll and a frilled lizard.

Vanquished Creatures
  2 adders (D:2)
  3 gnolls (D:2)
  3 worms
  2 leopard geckos
  A ball python (D:1)
  2 giant cockroaches
  11 goblins
  4 hobgoblins
  4 jackals (D:3)
  2 quokkas (D:2)
  7 bats
  2 frilled lizards (D:1)
  A kobold (D:2)
  5 rats
49 creatures vanquished.

Vanquished Creatures (others)
  5 toadstools (D:1)
5 creatures vanquished.

Grand Total: 54 creatures vanquished

Notes
Turn   | Place    | Note
-------+----------+-------------------------------------------
     0 | D:1      | MrTaco21 the Gargoyle Fighter began the quest for the Orb.
     0 | D:1      | Reached XP level 1. HP: 14/14 MP: 1/1
   177 | D:1      | Reached XP level 2. HP: 19/19 MP: 2/2
   724 | D:2      | Reached XP level 3. HP: 17/23 MP: 3/3
   975 | D:2      | Found a sparkling altar of Nemelex Xobeh.
  1008 | D:2      | Reached XP level 4. HP: 29/29 MP: 4/4
  1910 | D:2      | Slain by a gnoll

Levels and vault maps discovered:
D:1:      matt_arrival_grand_opening, layout_loops_ring, serial_park_tiny_pond,
          minmay_gold_behind_fungi
D:2:      layout_rooms, nicolae_overflow_crystal_walls
D:3:      layout_basic, first_ration, minmay_liquid_box

Skill      XL: |  1  2  3  4 |
---------------+-------------+-----
Armour         | 4 |  4.1
Fighting       | 4 |  4.1
Shields        | 4 |  4.1
Maces & Flails | |  2.9

Action                   |  1- 3 |  4- 6 || total
-------------------------+-------+-------++-------
Melee: Flail             |   163 |    84 ||   247
  Eat: Chunk             |     1 |     2 ||     3
Armor: Scale mail        |   121 |    59 ||   180
Dodge: Dodged            |    91 |    51 ||   142
Block: Shield            |   106 |    50 ||   156

Table legend:
 A = Non-vault XP
 B = Vault XP
 C = Vault XP percentage of total XP
 D = Non-vault monster count
 E = Vault monster count
 F = Vault count percentage of total count
                 A         B        C        D         E       F
            +---------+---------+-------+---------+---------+-------
      Total |     156 |       0 |   0.0 |      49 |       0 |   0.0
            +---------+---------+-------+---------+---------+-------
        D:1 |      28 |       0 |   0.0 |      16 |       0 |   0.0
        D:2 |     110 |       0 |   0.0 |      26 |       0 |   0.0
        D:3 |      18 |       0 |   0.0 |       7 |       0 |   0.0
            +---------+---------+-------+---------+---------+-------
